 Dungeon Crawl Stone Soup version 0.27-a0-25-g087482e4d5 (webtiles) character file.

Game seed: 17677644753354257853

9963 kroki the Basher (level 11, -7/105 HPs)
             Began as a Palentonga Fighter on Jan 3, 2021.
             Was an Initiate of Gozag.
             Mangled by a blink frog (11 damage)
             ... on level 1 of the Lair of Beasts.
             The game lasted 00:05:34 (11414 turns).

kroki the Basher (Palentonga Fighter)              Turns: 11414, Time: 00:05:34

Health: -7/105     AC: 22    Str: 23    XL:     11   Next: 29%
Magic:  11/11      EV:  3    Int:  9    God:    Gozag
Gold:   876        SH: 14    Dex:  9    Spells: 10/10 levels left

rFire    + . .     SeeInvis +   w - +9 whip of the First Thickets {protect, rF+}
rCold    . . .     Faith    .   c - +0 kite shield
rNeg     . . .     Spirit   .   K - +2 chain mail {Will+}
rPois    .         Reflect  +   F - +1 hat
rElec    .         Harm     .   M - +2 cloak {rCorr}
rCorr    +         Rampage  .   (no gloves)
Will     ++...                  (no barding)
Stlth    ..........             s - amulet of reflection
HPRegen  0.27/turn              h - ring of willpower
MPRegen  0.12/turn              (no ring)

@: gold aura, curled up
A: large, rugged brown scales 3, see invisible, deformed body, roll 1, armoured
tail, reflexive curl
a: Rolling Charge, Renounce Religion, Potion Petition, Call Merchant, Bribe
Branch


You were on level 1 of the Lair of Beasts.
You worshipped Gozag.
Gozag was pleased with you.
You visited 2 branches of the dungeon, and saw 12 of its levels.

You collected 2021 gold pieces.
You spent 602 gold pieces at shops.
You paid 543 gold pieces to Gozag.

Inventory:

Hand Weapons
 a - a +0 flail
 w - the +9 whip of the First Thickets (weapon) {protect, rF+}
   (You found it on level 4 of the Dungeon)

   It grants its wielder temporary protection when it strikes (+7 to AC).
   It protects you from fire.
 E - a +2 war axe of freezing
   (You found it on level 6 of the Dungeon)
Missiles
 g - 39 poisoned darts
Armour
 b - a +1 scale mail
 c - a +0 kite shield (worn)
 e - a +0 chain mail
   (You found it on level 3 of the Dungeon)
 t - a +0 helmet
   (You took it off Robin on level 4 of the Dungeon)
 D - a +0 plate armour
   (You took it off an orc warrior on level 9 of the Dungeon)
 F - a +1 hat (worn)
   (You found it on level 7 of the Dungeon)
 K - a +2 chain mail of willpower (worn)
   (You bought it in a shop on level 10 of the Dungeon)
 L - a +0 cloak
   (You found it on level 10 of the Dungeon)
 M - a +2 cloak of preservation (worn)
   (You bought it in a shop on level 10 of the Dungeon)
Jewellery
 h - a ring of willpower (left hand)
   (You found it on level 2 of the Dungeon)
 o - a +6 ring of intelligence
   (You found it on level 3 of the Dungeon)
 p - an uncursed amulet of regeneration {+regen, !d}
   (You found it on level 3 of the Dungeon)
 s - an amulet of reflection (around neck)
   (You found it on level 4 of the Dungeon)
 I - a +4 ring of evasion
   (You found it on level 9 of the Dungeon)
Wands
 i - a wand of paralysis (5)
   (You found it on level 2 of the Dungeon)
 m - a wand of digging (5)
   (You found it on level 2 of the Dungeon)
 B - a wand of enslavement (5)
   (You found it on level 7 of the Dungeon)
Scrolls
 d - 2 scrolls of immolation {unknown}
 f - 3 scrolls of blinking {unknown}
 k - 4 scrolls of enchant armour
 q - a scroll of enchant weapon
 r - 5 scrolls of remove curse
 v - a scroll of fog {unknown}
 x - a scroll of random uselessness {unknown}
 y - 3 scrolls of teleportation
 C - a scroll of fear {unknown}
Potions
 j - 3 potions of heal wounds
 l - 2 potions of attraction {!q}
 n - 5 potions of curing {unknown}
 u - 2 potions of haste {unknown}
 z - a potion of brilliance
 A - a potion of cancellation
 G - a potion of resistance {unknown}
 H - a potion of magic {unknown}
 J - 2 potions of might


   Skills:
 + Level 9.8 Fighting
 * Level 13.0 Maces & Flails
 + Level 5.4 Armour
 - Level 2.4 Shields
 * Level 4.4 Evocations


You had 10 spell levels left.
You didn't know any spells.
Your spell library contained the following spells:

 Spells                   Type           Power        Failure   Level
 Beastly Appendage        Tmut           0%           100%        1
 Corona                   Hex            0%           100%        1
 Slow                     Hex            0%           100%        2
 Wereblood                Tmut           0%           100%        2
 Inner Flame              Hex/Fire       0%           100%        3
 Portal Projectile        Hex/Tloc       0%           100%        3
 Spider Form              Tmut/Pois      0%           100%        3
 Cause Fear               Hex            0%           100%        4
 Ice Form                 Ice/Tmut       0%           100%        4
 Leda's Liquefaction      Hex/Erth       0%           100%        4
 Blade Hands              Tmut           0%           100%        5
 Bolt of Magma            Conj/Fire/Erth 0%           100%        5
 Iskenderun's Battlesphe  Conj           0%           100%        5
 Iron Shot                Conj/Erth      0%           100%        6
 Orb of Destruction       Conj           0%           100%        7
 Spellforged Servitor     Conj/Summ      0%           100%        7


Dungeon Overview and Level Annotations

Branches:
Dungeon (11/15)            Temple (0/1) D:7            Lair (1/6) D:10
    Orc (0/2) D:9

Altars:
Gozag
Hepliaklqana
Makhleb
Nemelex Xobeh
Okawaru
Qazlal
Sif Muna
Trog
Uskayaw
Vehumet
Wu Jian
Xom
Yredelemnul
The Shining One

Shops:
D:10 [

Annotations:
D:10 2 runed translucent doors, lis82's ghost, novice DgAE


Innate Abilities, Weirdness & Mutations

You are completely covered in rugged brown scales. (AC +3, +7% HP)
You have supernaturally acute eyesight. (SInv)
Armour fits poorly on your strangely shaped body.
You can roll at nearby foes to attack.
You have a long armoured tail.
You curl defensively after being hit.


Message History

The wolf becomes distracted by the nearby gold, dreaming of imaginary riches.
You block the wolf's attack.
The wolf howls!
You whack the wolf! You tail-slap the wolf.
You feel sick. You block the wolf's attack.
You hit the wolf.
The wolf is no longer distracted by gold.
You block the wolf's attack.
You miss the wolf.
Your tail-slap misses the wolf.
The wolf bites you but does no damage.
You hit the wolf.
You kill the wolf!
Okay, then.
Aim: a komodo dragon (chance to affect: 41%)
The komodo dragon resists with some effort.
You block the komodo dragon's attack.
Aim: a komodo dragon (chance to affect: 41%)
The komodo dragon resists with some effort.
The komodo dragon bites you!
* * * LOW HITPOINT WARNING * * *
You take 9 damage, and have 24/105 hp.
Aim: a komodo dragon (chance to affect: 41%)
The komodo dragon resists with some effort.
You feel sick.
You are no longer poisoned.
The blink frog blinks! x2; You block the komodo dragon's attack.
You take 1 damage, and have 23/105 hp.
Aim: a komodo dragon (chance to affect: 41%)
The komodo dragon is charmed.
The wolf bites your komodo dragon. The wolf bites your komodo dragon!
What are your orders? t - Shout!
Orders for allies: a - Attack new target. p - Attack previous target. r - Retreat! s - Stop attacking. g - Guard the area. f - Follow me.
Anything else - Cancel.
Gang up on whom?
Aim: a wolf Attack!
The wolf bites your komodo dragon but does no damage.
Your komodo dragon closely misses the wolf.
The blink frog hits you.
* * * LOW HITPOINT WARNING * * *
You take 3 damage, and have 20/105 hp.
You whack the blink frog!
Your weapon exudes an aura of protection.
Your tail-slap misses the blink frog.
The wolf bites your komodo dragon but does no damage.
The blink frog hits you!
* * * LOW HITPOINT WARNING * * *
Your komodo dragon completely misses the wolf.
You take 13 damage, and have 7/105 hp.
You hit the blink frog.
The wolf bites your komodo dragon but does no damage.
Your shield and chain mail prevent you from hitting the blink frog.
Your tail-slap misses the blink frog.
The blink frog hits you but does no damage.
The wolf bites your komodo dragon.
Your komodo dragon misses the wolf.
The blink frog blinks!
You miss the blink frog.
The blink frog hits you but does no damage.
The wolf bites your komodo dragon!
You barely miss the blink frog.
The blink frog blinks!
Your komodo dragon completely misses the wolf.
The wolf barely misses your komodo dragon.
The wolf closely misses your komodo dragon.
Your komodo dragon misses the wolf.
A wolf comes into view.
The wolf bites your komodo dragon but does no damage.
The wolf closely misses your komodo dragon.
Your komodo dragon barely misses the wolf.
The wolf barely misses your komodo dragon.
The wolf bites your komodo dragon.
Your komodo dragon completely misses the wolf.
The wolf bites your komodo dragon.
Your komodo dragon misses the wolf.
The wolf barely misses your komodo dragon.
The wolf bites your komodo dragon but does no damage.
Your komodo dragon bites the wolf!!
The wolf dies!
What are your orders? t - Shout!
Orders for allies: a - Attack new target. r - Retreat! s - Stop attacking. g - Guard the area. f - Follow me.
Anything else - Cancel.
Gang up on whom?
Aim: a blink frog (heavily wounded) Attack!
The wolf bites your komodo dragon.
Your komodo dragon bites the wolf!
Your shield and chain mail prevent you from hitting the blink frog.
The wolf bites your komodo dragon. You block the blink frog's attack.
The wolf bites your komodo dragon but does no damage.
Your komodo dragon misses the wolf.
You barely miss the blink frog.
The komodo dragon is no longer charmed.
The blink frog blinks!
You completely miss the wolf. You block the wolf's attack. The wolf bites you.
* * * LOW HITPOINT WARNING * * *
The blink frog hits you!
You die...
Your body crumbles into a pile of gold.

#####.......#.###.####..#.##.##.#
#P###......##.###.####..###..##.#
.................................
##..#........##..........####....
#.............................^..
......##P............##...#..###P
..#......F.......................
.⌠#.....###..####..##..####.#####
........####.###@.#.##..##P.#.###
.#.......Fhl..Fh.F...............
.#######F#####.####.#..#.........
l.# #...# #.#..#.###..........
F..# ....... ....................
....h#.P.#.#.#......)#####......P
..⌠..#...........................
......#........###h#P..#.........
.................................


You could see a komodo dragon, 3 blink frogs and 2 wolves.

Vanquished Creatures
  An unseen horror (D:9)
  3 komodo dragons
  A troll (D:9)
  15 yaks
  A steam dragon (D:9)
  5 water moccasins
  Duvessa (D:4)
  8 orc warriors
  A necrophage (D:7)
  2 ice beasts
  2 sky beasts
  A black bear (D:9)
  4 phantoms
  13 wolves (Lair:1)
  3 ogres
  6 centaurs
  2 big kobolds
  4 bullfrogs
  A wyvern zombie (D:8)
  2 water moccasin zombies
  Dowan (D:4)
  6 scorpions
  7 wights
  A howler monkey (D:2)
  A bullfrog zombie (D:7)
  A centaur zombie (D:10)
  3 orc priests (D:9)
  2 hounds
  A jelly (D:8)
  8 orc wizards
  An iguana (D:6)
  6 worker ants
  2 hound skeletons
  Robin (D:4)
  4 gnolls
  8 adders
  6 white imps
  2 ufetubi
  An ooze (D:1)
  An adder zombie (D:2)
  3 worms
  2 dart slugs
  6 leopard geckos
  21 orcs
  A giant cockroach (D:4)
  8 hobgoblins
  10 jackals
  4 quokkas
  2 ball pythons (D:3)
  4 bats
  9 frilled lizards
  13 goblins
  2 goblin skeletons (D:8)
  A goblin zombie (D:8)
  A hobgoblin zombie (D:8)
  16 kobolds
  2 kobold zombies (D:8)
  3 leopard gecko skeletons (D:4)
  A leopard gecko zombie (D:6)
  An orc skeleton (D:8)
  2 orc zombies (D:8)
  A quokka zombie (D:6)
  10 rats
  A spectral orc (D:3)
263 creatures vanquished.

Vanquished Creatures (collateral kills)
  A wolf (Lair:1)
1 creature vanquished.

Vanquished Creatures (others)
  A fungus (Lair:1)
  6 plants
7 creatures vanquished.

Grand Total: 271 creatures vanquished

Notes
Turn   | Place    | Note
-------+----------+-------------------------------------------
     0 | D:1      | kroki the Palentonga Fighter began the quest for the Orb.
     0 | D:1      | Reached XP level 1. HP: 20/20 MP: 1/1
    88 | D:1      | Reached XP level 2. HP: 18/27 MP: 2/2
   636 | D:1      | Reached skill level 3 in Maces & Flails
   950 | D:2      | Reached XP level 3. HP: 21/33 MP: 3/3
  1127 | D:2      | Reached XP level 4. HP: 29/42 MP: 4/4
  1136 | D:2      | Reached skill level 4 in Maces & Flails
  1564 | D:2      | Found a stormy altar of Qazlal.
  2074 | D:2      | Reached skill level 4 in Fighting
  2242 | D:2      | Reached XP level 5. HP: 44/49 MP: 5/5
  2281 | D:3      | Found an opulent altar of Gozag.
  2439 | D:3      | Became a worshipper of Gozag Ym Sagoz the Greedy
  2495 | D:3      | Found a basalt altar of Yredelemnul.
  2696 | D:3      | Found an iron altar of Okawaru.
  2982 | D:4      | Reached skill level 5 in Maces & Flails
  3102 | D:4      | Noticed Dowan
  3102 | D:4      | Noticed Duvessa
  3105 | D:4      | Killed Dowan
  3106 | D:4      | Reached XP level 6. HP: 56/56 MP: 6/6
  3113 | D:4      | HP: 14/56 [Duvessa/+0 short sword (2)]
  3119 | D:4      | Killed Duvessa
  3239 | D:4      | Noticed a water moccasin
  3249 | D:4      | Killed a water moccasin
  3250 | D:4      | Reached skill level 5 in Fighting
  3250 | D:4      | Reached skill level 6 in Maces & Flails
  3352 | D:4      | Gained mutation: You curl defensively after being hit.
                  | [Palentonga growth]
  3352 | D:4      | Reached XP level 7. HP: 59/65 MP: 7/7
  3730 | D:4      | Noticed Robin
  3746 | D:4      | Killed Robin
  4109 | D:4      | Got a shimmering whip
  4110 | D:4      | Identified the +9 whip of the First Thickets {protect, rF+}
                  | (You found it on level 4 of the Dungeon)
  4127 | D:5      | Entered Level 5 of the Dungeon
  4222 | D:5      | Reached skill level 7 in Maces & Flails
  4576 | D:5      | Found a sparkling altar of Nemelex Xobeh.
  4754 | D:5      | Reached skill level 6 in Fighting
  4754 | D:5      | Reached XP level 8. HP: 61/74 MP: 8/8
  5181 | D:6      | Reached skill level 8 in Maces & Flails
  5289 | D:6      | Found a hide-covered altar of Uskayaw.
  5433 | D:6      | Found an ornate altar of the Wu Jian Council.
  5499 | D:6      | Found a shimmering blue altar of Sif Muna.
  5517 | D:6      | Found a bloodstained altar of Trog.
  5523 | D:6      | Identified Sif Muna's Compendium of Curses
  5825 | D:7      | Reached skill level 9 in Maces & Flails
  5866 | D:7      | Found a staircase to the Ecumenical Temple.
  6128 | D:7      | Reached skill level 7 in Fighting
  6213 | D:7      | Found a burning altar of Makhleb.
  6732 | D:8      | Reached XP level 9. HP: 79/84 MP: 9/9
  6823 | D:8      | Reached skill level 10 in Maces & Flails
  6880 | D:8      | Found a glowing golden altar of the Shining One.
  7157 | D:8      | Found a radiant altar of Vehumet.
  7232 | D:8      | Reached skill level 8 in Fighting
  7508 | D:8      | Found a hazy altar of Hepliaklqana.
  7778 | D:9      | Reached skill level 3 in Armour
  7844 | D:9      | Noticed an unseen horror
  7855 | D:9      | Killed an unseen horror
  7856 | D:9      | Reached skill level 11 in Maces & Flails
  8131 | D:9      | Reached XP level 10. HP: 93/96 MP: 10/10
  8157 | D:9      | Reached skill level 4 in Armour
  8358 | D:9      | Reached skill level 9 in Fighting
  8365 | D:9      | Reached skill level 12 in Maces & Flails
  8718 | D:9      | HP: 12/97 [orc warrior/+0 battleaxe (19)]
  8720 | D:9      | Reached skill level 1 in Evocations
  9241 | D:9      | Found a staircase to the Orcish Mines.
  9659 | D:10     | Entered Level 10 of the Dungeon
  9660 | D:10     | Found a runed translucent door.
  9661 | D:10     | Noticed a necromancer
  9670 | D:10     | Found a runed translucent door.
  9671 | D:10     | Noticed a necromancer
  9768 | D:10     | Reached skill level 2 in Evocations
  9793 | D:10     | Found a staircase to the Lair.
  9955 | D:10     | You fall into a shaft and drop 1 floor!
 10039 | D:10     | Found a shimmering altar of Xom.
 10108 | D:10     | Reached skill level 3 in Evocations
 10112 | D:10     | Reached skill level 5 in Armour
 10129 | D:10     | Reached XP level 11. HP: 61/103 MP: 11/11
 10607 | D:10     | Noticed a skeletal warrior
 10611 | D:10     | Noticed a lich
 10612 | D:10     | Noticed a yaktaur captain
 10614 | D:10     | Noticed lis82's ghost (novice DgAE)
 11012 | D:10     | Bought a +2 chain mail of willpower for 301 gold pieces
 11012 | D:10     | Bought a +2 cloak of preservation for 301 gold pieces
 11060 | Lair:1   | Entered Level 1 of the Lair of Beasts
 11259 | Lair:1   | Reached skill level 4 in Evocations
 11390 | Lair:1   | Reached skill level 13 in Maces & Flails
 11396 | Lair:1   | HP: 24/105 [komodo dragon (10)]
 11400 | Lair:1   | HP: 7/105 [blink frog (13)]
 11414 | Lair:1   | HP: 4/105 [wolf (6)]
 11414 | Lair:1   | Mangled by a blink frog

Illustrated notes

Levels and vault maps discovered:
D:1:      wheals_arrival_linesprint, layout_rooms
D:2:      layout_loops_corners, nicolae_qazlal_general_emergency, minmay_vboxes
D:3:      layout_basic, nicolae_overflow_hidden_temple, grunt_gozag_breadcrumbs,
          yredelemnul_forgotten_temple_becter, kennysheep_generic_room_2
D:4:      layout_loops_ring, kennysheep_generic_room_7, uniq_robin, uniq_duvessa
D:5:      layout_loops_corners, lemuel_doored_altar
D:6:      layout_basic, nzn_overflow_gifts_of_might_and_magic,
          marbit_many_paths, eat_drink_and_be_merry_uskayaw
D:7:      layout_layer_cave, makhleb_blood_cavern_becter,
          minmay_temple_entry_gardened_gates, chequers_serial_rivers_micro_e
D:8:      layout_gridville, nicolae_tso_besieged_by_evil, vehumet_crystals,
          general_overflow_altar, grunt_ministairs_8
D:9:      layout_loops_corners, erik_orc_2
D:10:     layout_irregular_city, david_lair_shrubbed,
          muffindrake_ghost_dual_entry, basic_altar, kennysheep_generic_room_8
D:11:     minmay_the_grid_octo_triangle [minmay_the_grid_octo_checkered,
          minmay_the_grid_octo_prize_big_c, minmay_the_grid_octo_pinwheel],
          layout_irregular_city, basic_altar, uniq_gastronok, uniq_fannar
Lair:1:   layout_long_grid, serial_bayou_ford_a, grunt_megastairs_3

Skill      XL: |  1  2  3  4  5  6  7  8  9 10 11 |
---------------+----------------------------------+-----
Maces & Flails | 3 4 5 6 7 9 11 12 13 | 13.0
Fighting       | 4 5 6 7 8 9 |  9.8
Armour         | 3 5 |  5.4
Evocations     | 3 4 |  4.4
Shields        | |  2.4

Action                   |  1- 3 |  4- 6 |  7- 9 | 10-12 || total
-------------------------+-------+-------+-------+-------++-------
Melee: Flail             |    90 |   161 |    54 |       ||   305
       Tailslap          |     8 |    21 |    51 |    57 ||   137
       Whip              |       |       |   298 |   385 ||   683
Invok: Call Merchant     |       |       |       |     1 ||     1
Evoke: Wand              |       |       |       |    10 ||    10
  Use: Scroll            |       |     9 |     1 |     4 ||    14
       Potion            |       |     3 |       |       ||     3
 Stab: Distracted        |       |       |     2 |     1 ||     3
Armor: Scale mail        |    60 |    38 |       |       ||    98
       Chain mail        |       |    25 |   103 |    69 ||   197
       Plate armour      |       |       |       |    42 ||    42
Dodge: Dodged            |    25 |    29 |    24 |    23 ||   101
Block: Kite shield       |    33 |    70 |   134 |   195 ||   432
       Reflection        |       |       |    10 |     8 ||    18

Table legend: (Time is in decaauts)
 A = Elapsed time spent in this place.
 B = Non-inter-level travel time spent in this place.
 C = Inter-level travel time spent in this place.
 D = Time resting spent in this place.
 E = Time spent auto-exploring this place.
 F = Levels seen in this place.
 G = Mean time per level.
                   A        B        C        D        E       F      G
               +--------+--------+--------+--------+--------+-----+--------+
         Total |  11234 |  10621 |    613 |      0 |   8955 |  12 |  936.2 |
       Dungeon |  10927 |  10314 |    613 |      0 |   8748 |  11 |  993.4 |
          Lair |    307 |    307 |      0 |      0 |    207 |   1 |  307.0 |
               +--------+--------+--------+--------+--------+-----+--------+

Top non-repeatable levels by time:
     D:9: 1896 daAuts
     D:2: 1339 daAuts
    D:10: 1325 daAuts
     D:4: 1203 daAuts
     D:5: 953 daAuts
     D:1: 951 daAuts
     D:8: 922 daAuts
     D:7: 892 daAuts
     D:3: 711 daAuts
     D:6: 706 daAuts
  Lair:1: 307 daAuts
    D:11: 25 daAuts

Table legend:
 A = Kills in this place as a percentage of kills in entire the game.
 B = Kills by you in this place as a percentage of kills by you in the entire game.
 C = Kills by friends in this place as a percentage of kills by friends in the entire game.
 D = Other kills in this place as a percentage of other kills in the entire game.
 E = Experience gained in this place as a percentage of experience gained in the entire game.
 F = Experience gained in this place divided by the number of levels of this place that you have seen.
                   A       B       C       D       E      F
               +-------+-------+-------+-------+-------+----------------------
         Total | 100.0 | 100.0 | 100.0 |   N/A | 100.0 | 1186.2
       Dungeon |  93.2 |  93.5 |   0.0 |   N/A |  83.7 | 1083.4
          Lair |   6.8 |   6.5 | 100.0 |   N/A |  16.3 | 2317.0
               +-------+-------+-------+-------+-------+----------------------
